 Dungeon Crawl Stone Soup version 0.20.1-1-g8b1a95d (webtiles) character file.

451184 ReteAZ the Bludgeoner (level 24, -1/161 HPs)
             Began as a Gargoyle Fighter on Aug 1, 2017.
             Was the Champion of Okawaru.
             Killed from afar by a deep elf sorcerer (28 damage)
             ... with a bolt of acid
             ... on level 3 of the Elven Halls on Aug 5, 2017.
             The game lasted 04:05:36 (50934 turns).

ReteAZ the Bludgeoner (Gargoyle Fighter)           Turns: 50934, Time: 04:05:37

Health: -1/161     AC: 41    Str: 29    XL:     24   Next: 30%
Magic:  34/34      EV:  8    Int: 21    God:    Okawaru [******]
Gold:   4469       SH: 31    Dex: 10    Spells: 28/33 levels left

rFire    . . .     SeeInvis +   u - +11 demon whip "Orb Guardian's Doom" {flame, rElec}
rCold    + + +     Gourm    .   s - +0 large shield
rNeg     + + .     Faith    .   S - +0 crystal plate armour
rPois    ∞         Spirit   .   R - +2 helmet {SInv}
rElec    +         Reflect  +   L - scarf {rC+ rF+}
rCorr    .         Harm     .   X - +2 pair of gloves of the Castellan {MR+ Int+4 Slay+3}
MR       ++...                  k - +2 pair of boots {Fly}
Stlth    ..........             U - brooch of Shielding {Reflect SH+8}
Regen    0.4/turn               P - ring of Qaotim {rElec rC+ Str+2 Int-3 SInv}
MPRegen  0.3/turn               D - ring "Haocloih" {Ice rPois rN+ Str+4 Int+3}

@: corroded, flying
A: big wings, negative energy resistance 1, electricity resistance, unbreathing,
petrification resistance, rot immunity, AC +17
}: 2/15 runes: serpentine, barnacled
a: Stop Flying, Heroism, Finesse, Renounce Religion


You were on level 3 of the Elven Halls.
You worshipped Okawaru.
Okawaru was exalted by your worship.
You were hungry.

You visited 10 branches of the dungeon, and saw 43 of its levels.
You also visited: Labyrinth, Ossuary, Bailey, Ice Cave and Desolation.

You collected 4859 gold pieces.
You spent 390 gold pieces at shops.

Inventory:

Hand Weapons
 n - the +3 great mace of Tebyk {speed, +Blink rElec Int-4 Dex-2}
   (Okawaru gifted it to you on level 10 of the Dungeon)

   Attacks with this weapon are significantly faster.
   It affects your intelligence (-4).
   It affects your dexterity (-2).
   It insulates you from electricity.
   It lets you blink.
 r - the +4 flail "Ofrereil" {crush, +Blink rC+ Int+2 Dex+2}
   (Okawaru gifted it to you on level 2 of the Orcish Mines)

   It inflicts extra damage upon your enemies.
   It affects your intelligence (+2).
   It affects your dexterity (+2).
   It protects you from cold.
   It lets you blink.
 u - the +11 demon whip "Orb Guardian's Doom" (weapon) {flame, rElec}
   (Okawaru gifted it to you on level 2 of the Vaults)

   It has been specially enchanted to burn those struck by it, causing extra
   injury to most foes and up to half again as much damage against particularly
   susceptible opponents.
   It insulates you from electricity.
 G - a +3 vampiric morningstar
Missiles
 x - 10 throwing nets
 V - 7 javelins of penetration (quivered)
Armour
 k - a +2 pair of boots of flying (worn)
 s - a +0 large shield (worn)
 J - the +0 scale mail of the Lair of Beasts {rElec Dex+4}
   (You found it on level 5 of the Lair of Beasts)

   It affects your dexterity (+4).
   It insulates you from electricity.
 L - a scarf of resistance (worn)
 R - a +2 helmet of see invisible (worn)
 S - a +0 crystal plate armour (worn)
 X - the +2 pair of gloves of the Castellan (worn) {MR+ Int+4 Slay+3}
   (Okawaru gifted it to you on level 3 of the Depths)

   It affects your intelligence (+4).
   It affects your accuracy and damage with ranged weapons and melee attacks
   (+3).
   It affects your resistance to hostile enchantments.
 Z - +2 fire dragon scales
Jewellery
 e - an uncursed ring of protection from fire
 l - a +3 ring of evasion
 y - an uncursed ring of resist corrosion
 D - the ring "Haocloih" (right hand) {Ice rPois rN+ Str+4 Int+3}
   (You found it on level 5 of the Dungeon)

   [ring of ice]

   It enhances your ice magic.
   It affects your strength (+4).
   It affects your intelligence (+3).
   It makes you vulnerable to fire.
   It protects you from cold.
   It protects you from poison.
   It protects you from negative energy.
 P - the ring of Qaotim (left hand) {rElec rC+ Str+2 Int-3 SInv}
   (You acquired it on level 1 of the Shoals)

   [ring of strength]

   It affects your strength (+2).
   It affects your intelligence (-3).
   It protects you from cold.
   It insulates you from electricity.
   It lets you see invisible.
 U - the brooch of Shielding (around neck) {Reflect SH+8}
   (You found it on level 4 of the Shoals)

   [amulet of reflection]

   It shields you and reflects attacks.
   It affects your SH (+8).
Wands
 q - a wand of digging (15/24)
 Q - a wand of acid (13/15)
Scrolls
 a - a scroll of holy word
 c - 4 scrolls of identify
 h - 3 scrolls of enchant armour
 j - 6 scrolls of immolation
 m - 5 scrolls of recharging
 z - 21 scrolls of remove curse
 C - 6 scrolls of teleportation
 F - 5 scrolls of fear
 H - 3 scrolls of magic mapping
 I - 2 scrolls of silence
 K - 2 scrolls of fog
 M - a scroll of summoning
 W - a scroll of blinking
Potions
 b - 5 potions of heal wounds
 d - 11 potions of might
 i - 6 potions of haste
 o - 3 potions of agility
 p - 6 potions of berserk rage
 v - 2 potions of cancellation
 B - 3 potions of ambrosia
 E - 3 potions of invisibility
 N - 11 potions of curing
 O - 3 potions of resistance
 Y - 4 potions of brilliance
Comestibles
 f - 13 bread rations
 g - 23 meat rations
 t - 15 royal jellies


   Skills:
 + Level 19.4 Fighting
   Level 7.5(14.6) Axes
 - Level 20.6(21.0) Maces & Flails
 + Level 16.9 Armour
 - Level 7.0 Dodging
 + Level 18.4 Shields
 - Level 5.1 Spellcasting
 - Level 8.0 Charms
 - Level 5.0 Summonings
 - Level 5.0 Translocations
 - Level 5.0 Air Magic
 - Level 15.1 Invocations


You had 28 spell levels left.
You knew the following spells:

 Your Spells              Type           Power        Failure   Level  Hunger
a - Blink                 Tloc           N/A          56%         2    None
b - Swiftness             Chrm/Air       ####....     36%         2    None
c - Summon Butterflies    Summ           ####....     43%         1    None


Dungeon Overview and Level Annotations

Branches:
Dungeon (15/15)            Temple (1/1) D:4            Lair (6/6) D:10
 Shoals (4/4) Lair:3        Snake (4/4) Lair:2        Slime (1/5) Lair:5
    Orc (2/2) D:10            Elf (3/3) Orc:2        Vaults (4/5) D:13
  Crypt (0/3) Vaults:3     Depths (3/5) D:15

Altars:
Ashenzari
Cheibriados
Dithmenos
Elyvilon
Fedhas
Gozag
Hepliaklqana
Kikubaaqudgha
Makhleb
Nemelex Xobeh
Okawaru
Qazlal
Ru
Sif Muna
Trog
Uskayaw
Vehumet
Xom
Yredelemnul
Zin
The Shining One
Beogh
Jiyva

Shops:
D:4 :   D:7 ?   D:12 *   Orc:2 =*:%   Snake:2 }}   Vaults:3 }   Vaults:4 !

Portals:
Hell: Lair:6 Depths:1 Depths:2 Depths:3
Abyss: Depths:2
Pandemonium: Depths:3
Ziggurat: Depths:1
Trove: D:12 (give +2 storm dragon scales)


Innate Abilities, Weirdness & Mutations

You are resistant to torment.
Your stone body is resilient. (AC +17)
You are immune to poison.
Your large and strong wings let you fly indefinitely.
You resist negative energy. (rN+)
You are resistant to electric shocks. (rElec)
You can survive without breathing.
You are immune to petrification.
You are immune to rotting.


Message History

You whack the deep elf sorcerer! You burn the deep elf sorcerer.
The deep elf sorcerer is moderately wounded.
You block the deep elf sorcerer's attack.
You punish the deep elf sorcerer, causing immense pain!!!
You burn the deep elf sorcerer!
The deep elf sorcerer is almost dead.
The deep elf sorcerer casts a spell at you.
The bolt of acid hits you! The acid corrodes you!
You are splashed with acid!
The acid burns!
* * * LOW HITPOINT WARNING * * *
You feel much better.
The deep elf sorcerer is no longer moving quickly.
The deep elf sorcerer gestures at you while chanting.
The bolt of acid hits you!
* * * LOW HITPOINT WARNING * * *
The acid corrodes you!
You are splashed with acid!
The acid burns!
* * * LOW HITPOINT WARNING * * *
The deep elf sorcerer points at you and mumbles some strange words.
The bolt of acid hits you!
You die...

##e# ### #))##
#.# #.).# #.#
##..# #.# #.##
#.# #.# #.#
#.## #.#
#..#######e##
#...e...e..@#
##.########.#
#.# #.# #.# #.#
#.# #.# #.# #.#
#.# #.# #.# #.#
####.########.#


You could see a deep elf sorcerer, a deep elf demonologist and a deep elf high
priest.

Vanquished Creatures
  Mennas (Vaults:3)
  3 caustic shrikes (Depths:2)
  A bone dragon (Vaults:3)
  Rupert (D:13)
  2 liches
  A deep elf blademaster (Elf:2)
  An acid blob (Slime:1)
  Polyphemus (Shoals:2)
  The ghost of SlightEye the Peltast, an adept FoFi of Qazlal (Shoals:4)
  3 sphinxes
  The ghost of Peloso the Peltast, an adept DDFi of Okawaru (Desolation)
  2 tengu reavers (Depths:2)
  The ghost of gyp21 the Tortoise, an adept MiFi of the Shining One (Shoals:2)
  Kirke (Lair:4)
  12 nagarajas
  A shadow dragon (Vaults:4)
  A storm dragon (Vaults:4)
  2 fire giants
  An azure jelly (Slime:1)
  Ilsuiw (Shoals:4)
  5 deep elf sorcerers
  2 imperial myrmidons (Desolation)
  A deep elf elementalist (Elf:3)
  7 frost giants
  7 vault wardens
  Aizul (Snake:1)
  An orc warlord (Orc:1)
  18 very ugly things
  A ghoul (Vaults:4)
  2 spriggan defenders (Depths:3)
  2 entropy weavers (Vaults:4)
  9 stone giants
  5 ironheart preservers
  2 vampire knights (Depths:1)
  A deep elf annihilator (Vaults:4)
  3 deep elf demonologists
  2 halazid warlocks (Desolation)
  A minotaur (Lab)
  Snorg (D:10)
  3 ettins
  5 merfolk javelineers
  Josephine (D:12)
  A deep elf high priest (Depths:2)
  An ettin (shapeshifter) (Depths:2)
  4 deep elf death magi
  18 merfolk impalers
  6 rakshasas
  2 fire dragons
  8 yaktaur captains
  6 ragged hierophants (Desolation)
  2 great orbs of eyes
  A vault guard (Vaults:1)
  7 peacekeepers (Desolation)
  Harold (D:10)
  14 servants of whispers (Desolation)
  7 hydras
  5 naga warriors
  11 centaur warriors
  A catoblepas (shapeshifter) (Vaults:3)
  2 catoblepae
  A spriggan air mage (Depths:2)
  A merfolk avatar (Shoals:3)
  6 ice dragons
  2 death knights
  4 merfolk aquamancers (Shoals:4)
  10 anacondas
  12 ogre magi
  12 death yaks
  7 deep troll shamans
  3 satyrs (Shoals:4)
  6 tengu warriors
  40 two-headed ogres
  18 dancing weapons
  7 deep troll earth magi
  9 naga sharpshooters
  A vampire mage (Depths:1)
  Urug (D:10)
  2 spriggan berserkers (Depths:2)
  A shock serpent (shapeshifter) (Depths:1)
  The ghost of OneorTwo the Basher, a novice HOBe of Trog (Bailey)
  8 shock serpents
  2 shadow wraiths
  A sixfirhy (Lair:6)
  A titan skeleton (Depths:2)
  The ghost of McKennaii the Zephyrmancer, a novice TeAE of Vehumet (D:7)
  A fire crab (Lair:4)
  Nergalle (Orc:1)
  5 hell knights (Depths:1)
  22 deep elf knights
  6 skeletal warriors
  An iron troll (Depths:2)
  2 salamander mystics
  19 deep trolls
  8 unseen horrors
  4 flayed ghosts
  3 glowing orange brains
  21 sea snakes
  8 deep elf archers
  5 naga ritualists
  An unseen horror (shapeshifter) (Depths:1)
  5 wizards
  A wolf spider zombie (D:15)
  4 phantasmal warriors (Depths:1)
  14 ironbrand convokers
  35 deep elf magi
  2 harpies (shapeshifter)
  2 wolf spiders
  11 harpies
  9 orc knights
  A sphinx skeleton (Vaults:1)
  18 fauns
  7 mana vipers
  6 necromancers
  3 orc sorcerers
  7 salamanders
  A cyclops (shapeshifter) (Depths:3)
  6 manticores
  60 ugly things
  6 cyclopes
  A fire giant zombie (Depths:2)
  4 elephants
  8 large abominations (Depths:2)
  Maurice (Orc:2)
  2 stone giant skeletons
  2 human skeletons
  17 naga magi
  28 black mambas
  11 vault sentinels
  2 molten gargoyles (Desolation)
  A torpor snail (Lair:6)
  13 spiny frogs
  5 ice statues (IceCv)
  9 water nymphs
  6 merfolk sirens
  2 gargoyles
  A torpor snail (shapeshifter) (Depths:2)
  10 guardian serpents
  A smoke demon (Lair:6)
  A kobold demonologist (D:8)
  3 orange demons (Lair:6)
  A komodo dragon (shapeshifter) (D:14)
  A spark wasp simulacrum (Depths:2)
  A rime drake (shapeshifter) (D:15)
  7 rime drakes
  A yaktaur zombie (Vaults:3)
  3 anaconda simulacra (IceCv)
  8 freezing wraiths
  2 redback zombies (D:15)
  46 yaktaurs
  2 yaktaurs (shapeshifter)
  12 komodo dragons
  3 ice devils (Lair:6)
  3 trolls
  A queen bee (shapeshifter) (Depths:3)
  3 meliai (D:15)
  A hornet (shapeshifter) (Vaults:3)
  47 merfolk
  A polar bear (Lair:2)
  2 tengu conjurers
  A troll (shapeshifter) (D:13)
  57 saltlings
  11 hornets
  Prince Ribbit (Lair:2)
  20 blink frogs
  34 slime creatures
  12 dream sheep
  5 snapping turtles (Shoals:4)
  2 frost giant simulacra
  12 hippogriffs
  A redback (Vaults:4)
  13 water elementals
  4 spriggans
  6 shadows
  A centaur simulacrum (D:15)
  A wyvern (shapeshifter) (Depths:2)
  A vampire (D:13)
  An air elemental (Elf:1)
  4 wraiths
  2 dire elephant simulacra (IceCv)
  2 fire elementals
  3 hogs (Lair:4)
  3 wyverns
  2 basilisks
  74 yaks
  A spriggan simulacrum (Depths:2)
  An ice dragon skeleton (Vaults:1)
  2 steam dragons
  3 vampire mosquitoes (D:12)
  An iron troll simulacrum (IceCv)
  3 harpy simulacra (IceCv)
  Menkaure (D:5)
  45 nagas
  A soldier ant (D:14)
  6 wargs
  A soldier ant (shapeshifter) (D:15)
  A deep troll zombie (Vaults:3)
  An acid dragon (D:13)
  14 water moccasins
  14 porcupines
  3 hell hounds (Lair:6)
  27 orc warriors
  2 black bears
  9 ice beasts
  3 sky beasts
  5 necrophages
  An eye of draining (D:14)
  28 centaurs
  10 wolves
  48 ogres
  4 phantoms
  3 boggarts (Vaults:2)
  13 crocodiles
  A big kobold (D:9)
  5 elf zombies (Ossuary)
  22 bullfrogs
  7 earth elementals
  A gnoll sergeant (D:8)
  A wyvern skeleton (D:12)
  5 scorpions
  A water moccasin skeleton (D:5)
  3 wights (D:12)
  2 spriggan skeletons (Lab)
  3 electric eels
  6 crimson imps
  8 centaur zombies
  A bullfrog zombie (D:12)
  3 human simulacra
  2 quasits
  4 small abominations (Depths:2)
  3 bullfrog skeletons
  6 jellies
  7 centaur skeletons
  10 orc priests
  5 hounds
  3 human zombies (Ossuary)
  22 orc wizards
  Natasha (D:2)
  2 iguanas
  10 worker ants
  6 hell rats (Lair:5)
  2 ogre skeletons (Lab)
  A hound zombie (D:7)
  The ghost of letownia the Insei, a weakling OpTm (D:3)
  A hound skeleton (D:7)
  3 mummies (Ossuary)
  Robin (D:4)
  7 gnolls
  5 adders
  5 shadow imps
  2 oozes
  2 adder skeletons
  An adder zombie (D:5)
  3 worms
  3 dart slugs (D:1)
  2 leopard geckos
  75 orcs
  5 giant cockroaches
  20 goblins
  11 hobgoblins
  17 jackals
  5 quokkas
  13 bats
  5 frilled lizards
  9 kobolds
  10 rats
1833 creatures vanquished.

Vanquished Creatures (others)
  Vashnia (Snake:3)
  An ironheart preserver (Vaults:1)
  Nessos (D:12)
  A merfolk javelineer (Shoals:1)
  A naga sharpshooter (Snake:3)
  A deep troll (Depths:2)
  A necromancer (Depths:1)
  5 yaktaurs
  2 saltlings (Desolation)
  A naga (Snake:4)
  2 orc warriors
  2 boggarts
  4 centaurs
  An orc wizard (Orc:2)
  An orc priest (Orc:2)
  An orc (Orc:1)
  2 bushes
  19 fungi
  40 plants
87 creatures vanquished.

Grand Total: 1920 creatures vanquished

Notes
Turn   | Place    | Note
-------+----------+-------------------------------------------
     0 | D:1      | ReteAZ the Gargoyle Fighter began the quest for the Orb.
     0 | D:1      | Reached XP level 1. HP: 14/14 MP: 1/1
   108 | D:1      | Reached XP level 2. HP: 18/19 MP: 2/2
   542 | D:1      | Reached XP level 3. HP: 23/23 MP: 3/3
   833 | D:2      | Noticed Natasha
   835 | D:2      | Killed Natasha
   835 | D:2      | Reached XP level 4. HP: 28/28 MP: 4/4
   946 | D:2      | Found a white marble altar of Elyvilon.
  1098 | D:2      | Found a basalt altar of Yredelemnul.
  1689 | D:3      | Noticed letownia's ghost (weakling OpTm)
  1720 | D:3      | Killed letownia's ghost
  1720 | D:3      | Reached XP level 5. HP: 29/32 MP: 5/5
  1837 | D:3      | Found a faded altar of an unknown god.
  1890 | D:3      | Found an iron altar of Okawaru.
  1903 | D:3      | Became a worshipper of Warmaster Okawaru
  1945 | D:3      | Found a bloodstained altar of Trog.
  2158 | D:4      | Noticed Robin
  2173 | D:4      | Killed Robin
  2173 | D:4      | Reached skill level 5 in Axes
  2346 | D:4      | Found Xofuycuj's Book Shoppe.
  2459 | D:4      | Reached XP level 6. HP: 23/37 MP: 6/6
  2668 | D:4      | Found a sacrificial altar of Ru.
  2694 | D:4      | Found a staircase to the Ecumenical Temple.
  2711 | Temple   | Entered the Ecumenical Temple
  2970 | D:4      | Noticed a black bear
  2978 | D:4      | Killed a black bear
  3016 | D:4      | Reached * piety under Okawaru
  3273 | D:5      | Entered Level 5 of the Dungeon
  3273 | D:5      | Noticed a phantom
  3304 | D:5      | Killed a phantom
  3304 | D:5      | Reached XP level 7. HP: 40/41 MP: 7/7
  3752 | D:5      | Got a shimmering copper ring
  3753 | D:5      | Identified the ring "Haocloih" {Ice rPois rN+ Str+4 Int+3} (You found it on level 5 of the Dungeon)
  3919 | D:5      | Reached XP level 8. HP: 32/48 MP: 8/8
  4100 | D:5      | Noticed Menkaure
  4130 | D:5      | Killed Menkaure
  4130 | D:5      | Reached ** piety under Okawaru
  4130 | D:5      | Reached skill level 1 in Invocations
  4310 | D:5      | Reached skill level 1 in Maces & Flails
  4381 | D:6      | Found a snail-covered altar of Cheibriados.
  4391 | D:6      | Reached skill level 5 in Fighting
  4391 | D:6      | Reached skill level 5 in Armour
  4662 | D:6      | Reached skill level 2 in Maces & Flails
  4730 | D:6      | Reached *** piety under Okawaru
  4730 | D:6      | Reached XP level 9. HP: 51/54 MP: 12/12
  4890 | D:7      | Reached skill level 5 in Invocations
  4946 | D:7      | Reached skill level 3 in Maces & Flails
  5050 | D:7      | Found a sand-covered staircase.
  5052 | D:7      | Noticed McKennaii's ghost (novice TeAE)
  5070 | D:7      | Killed McKennaii's ghost
  5070 | D:7      | Reached skill level 4 in Maces & Flails
  5077 | Ossuary  | Entered an ossuary
  5135 | Ossuary  | Reached **** piety under Okawaru
  5324 | Ossuary  | Reached skill level 5 in Maces & Flails
  5349 | Ossuary  | Reached XP level 10. HP: 63/63 MP: 13/13
  5803 | D:7      | Found Kiotaa's Magic Scroll Shop.
  5931 | D:7      | Bought a scroll of identify for 22 gold pieces
  5931 | D:7      | Bought a scroll of teleportation for 33 gold pieces
  5931 | D:7      | Bought a scroll of remove curse for 33 gold pieces
  6127 | D:8      | Found a transporter.
  6288 | D:8      | Reached skill level 6 in Maces & Flails
  6634 | D:8      | Found a transporter.
  6634 | D:8      | Noticed a two-headed ogre
  6635 | D:8      | Noticed a centaur warrior
  6635 | D:8      | Noticed a frost giant
  6635 | D:8      | Noticed a kobold demonologist
  7124 | D:9      | Reached ***** piety under Okawaru
  7329 | D:9      | Reached skill level 7 in Maces & Flails
  7482 | D:9      | You fall through a shaft for 2 floors!
  7488 | D:11     | Noticed an unseen horror
  7510 | D:11     | Killed an unseen horror
  7510 | D:11     | Received a gift from Okawaru
  7531 | D:11     | Found a labyrinth entrance.
  7542 | Lab      | Entered a labyrinth
  7664 | Lab      | Noticed a minotaur
  7678 | Lab      | Killed a minotaur
  7678 | Lab      | Reached skill level 8 in Maces & Flails
  7678 | Lab      | Reached skill level 5 in Shields
  7678 | Lab      | Reached XP level 11. HP: 71/71 MP: 12/14
  7687 | Lab      | Identified the Papyrus of the Captivating Volcanoes
  7869 | D:11     | Noticed a white ugly thing
  7890 | D:11     | Killed a white ugly thing
  8024 | D:10     | Entered Level 10 of the Dungeon
  8032 | D:10     | Received a gift from Okawaru
  8046 | D:10     | Got a crystal great mace {god gift}
  8047 | D:10     | Identified the +3 great mace of Tebyk {speed, +Blink rElec Int-4 Dex-2} (Okawaru gifted it to you on level 10 of the Dungeon)
  8178 | D:10     | Found a flagged portal.
  8210 | Bailey   | Entered a bailey
  8210 | Bailey   | Noticed an orc knight
  8210 | Bailey   | Noticed an orc knight
  8213 | Bailey   | Noticed OneorTwo's ghost (novice HOBe)
  8235 | Bailey   | Killed OneorTwo's ghost
  8235 | Bailey   | Reached skill level 9 in Maces & Flails
  8603 | D:9      | Found a hide-covered altar of Uskayaw.
  8726 | D:10     | Found a burning altar of Makhleb.
  8726 | D:10     | Noticed Urug
  8726 | D:10     | Noticed Harold
  8784 | D:10     | Noticed a two-headed ogre
  8797 | D:10     | Killed a two-headed ogre
  8814 | D:10     | Found an opulent altar of Gozag.
  8867 | D:10     | Found a staircase to the Orcish Mines.
  8936 | D:10     | Killed Urug
  8936 | D:10     | Received a gift from Okawaru
  9070 | D:10     | Noticed Snorg
  9122 | D:10     | Killed Snorg
  9122 | D:10     | Reached skill level 10 in Fighting
  9122 | D:10     | Reached skill level 10 in Maces & Flails
  9293 | D:10     | Killed Harold
  9463 | D:10     | Found a staircase to the Lair.
  9483 | Lair:1   | Entered Level 1 of the Lair of Beasts
  9566 | Lair:1   | Reached XP level 12. HP: 77/77 MP: 15/15
 10015 | Lair:1   | Reached skill level 10 in Armour
 10531 | Lair:2   | Found a staircase to the Snake Pit.
 10532 | Lair:2   | Noticed Prince Ribbit
 10555 | Lair:2   | Killed Prince Ribbit
 10822 | Lair:2   | Received a gift from Okawaru
 10835 | Lair:2   | Noticed a four-headed hydra
 10844 | Lair:2   | Killed a four-headed hydra
 10844 | Lair:2   | Reached skill level 10 in Shields
 11453 | Lair:3   | Reached XP level 13. HP: 82/82 MP: 18/18
 11583 | Lair:3   | Reached ****** piety under Okawaru
 12041 | Lair:3   | Found a staircase to the Shoals.
 12326 | Lair:4   | Reached skill level 10 in Invocations
 12465 | Lair:4   | Received a gift from Okawaru
 13074 | Lair:4   | Noticed Kirke
 13092 | Lair:4   | Noticed a sphinx
 13095 | Lair:4   | Killed Kirke
 13800 | D:11     | Found a bloodstained altar of Trog.
 13852 | D:10     | Learned a level 2 spell: Blink
 14007 | D:12     | Noticed Nessos
 14016 | D:12     | Killed Nessos
 14016 | D:12     | Reached skill level 1 in Spellcasting
 14016 | D:12     | Reached skill level 1 in Translocations
 14167 | D:12     | Found a portal to a secret trove of treasure.
 14244 | D:12     | Received a gift from Okawaru
 14628 | D:12     | Found Suarrut's General Store.
 14636 | D:12     | Bought a scroll of identify for 22 gold pieces
 14660 | D:12     | Gained mutation: Your large and strong wings let you fly indefinitely. [Gargoyle growth]
 14660 | D:12     | Reached XP level 14. HP: 90/90 MP: 23/23
 14749 | D:12     | Noticed Josephine
 14768 | D:12     | Killed Josephine
 15245 | D:13     | Received a gift from Okawaru
 15942 | D:13     | Noticed Rupert
 15952 | D:13     | Paralysed by Rupert for 5 turns
 15992 | D:13     | Killed Rupert
 16142 | D:13     | Found a gate to the Vaults.
 16520 | Lair:5   | Received a gift from Okawaru
 16570 | Lair:5   | Got a faintly glowing executioner's axe {god gift}
 16573 | Lair:5   | Identified the +1 executioner's axe of Darkness {freeze, Fragile MR+ Int+3} (Okawaru gifted it to you on level 5 of the Lair of Beasts)
 16611 | Lair:5   | Found a runed door.
 16655 | Lair:5   | Got a bloodstained scale mail
 16666 | Lair:5   | Identified the +0 scale mail of the Lair of Beasts {rElec Dex+4} (You found it on level 5 of the Lair of Beasts)
 16771 | Lair:5   | Reached skill level 5 in Spellcasting
 16853 | Lair:5   | Reached skill level 5 in Translocations
 17268 | Lair:5   | Found a viscous altar of Jiyva.
 17269 | Lair:5   | Found a staircase to the Slime Pits.
 17336 | Lair:5   | Received a gift from Okawaru
 17654 | Lair:6   | Entered Level 6 of the Lair of Beasts
 17694 | Lair:5   | Reached XP level 15. HP: 100/100 MP: 24/24
 17982 | Lair:6   | Got a twisted scale mail
 18001 | Lair:6   | Identified the +3 scale mail "Dew Ahax" {rElec Dex+4 Slay-5 SInv} (You found it on level 6 of the Lair of Beasts)
 18044 | Lair:6   | Reached skill level 15 in Fighting
 18157 | Lair:6   | Found a burning altar of Makhleb.
 18435 | Lair:6   | Found a gateway to Hell.
 19540 | Orc:1    | Entered Level 1 of the Orcish Mines
 19600 | Orc:1    | Found a roughly hewn altar of Beogh.
 19854 | Orc:2    | Entered Level 2 of the Orcish Mines
 19854 | Orc:2    | Found a staircase to the Elven Halls.
 19921 | Orc:2    | Received a gift from Okawaru
 19935 | Orc:2    | Got a steaming flail {god gift}
 20124 | Orc:2    | Reached skill level 11 in Maces & Flails
 20262 | Orc:2    | Paralysed by an ogre mage for 6 turns
 20278 | Orc:2    | Paralysed by an ogre mage for 3 turns
 20474 | Orc:2    | Received a gift from Okawaru
 20526 | Orc:2    | Paralysed by an ogre mage for 3 turns
 20530 | Orc:2    | Reached skill level 1 in Dodging
 20530 | Orc:2    | Reached XP level 16. HP: 89/111 MP: 25/25
 20624 | Orc:2    | Found Zekhlodo's Food Shoppe.
 20624 | Orc:2    | Found Darivvap's Book Shop.
 20625 | Orc:2    | Found Woluel's General Store.
 20625 | Orc:2    | Found Sirolitwu's Jewellery Emporium.
 20936 | Orc:1    | Noticed Maurice
 20936 | Orc:1    | Noticed Nergalle
 20974 | Orc:2    | Killed Maurice
 21119 | Orc:1    | Killed Nergalle
 21406 | Snake:1  | Entered Level 1 of the Snake Pit
 21422 | Snake:1  | Reached skill level 12 in Maces & Flails
 21445 | Snake:1  | Noticed Aizul
 21486 | Snake:1  | Killed Aizul
 22292 | Snake:2  | Found Qij Xuas's Gadget Shop.
 22293 | Snake:2  | Found Vesosh's Jewellery Shoppe.
 22294 | Snake:2  | Found Jyklan's Gadget Shop.
 22744 | Snake:2  | Identified the +4 flail "Ofrereil" {crush, +Blink rC+ Int+2 Dex+2} (Okawaru gifted it to you on level 2 of the Orcish Mines)
 23086 | Snake:2  | Reached skill level 13 in Maces & Flails
 23315 | Snake:2  | Noticed a nagaraja
 23328 | Snake:2  | Killed a nagaraja
 23670 | Snake:2  | Received a gift from Okawaru
 23677 | Snake:3  | Noticed a nagaraja
 23703 | Snake:3  | Killed a nagaraja
 24057 | Snake:3  | Reached skill level 5 in Dodging
 24129 | Snake:3  | Reached skill level 14 in Maces & Flails
 24414 | Snake:3  | Noticed Vashnia
 25287 | Snake:3  | Reached XP level 17. HP: 87/116 MP: 23/26
 25306 | Snake:3  | Killed Vashnia
 25353 | Snake:4  | Entered Level 4 of the Snake Pit
 25390 | Snake:4  | Received a gift from Okawaru
 25950 | Snake:4  | Reached skill level 15 in Maces & Flails
 26802 | Snake:4  | Received a gift from Okawaru
 26914 | Snake:4  | Reached skill level 16 in Maces & Flails
 27165 | Snake:4  | Got a serpentine rune of Zot
 27525 | D:8      | Reached XP level 18. HP: 72/122 MP: 27/27
 27560 | D:8      | Got a brightly glowing chain mail
 27571 | D:8      | Identified the cursed +0 chain mail "Lausheni" {Int+3 SInv} (You found it on level 8 of the Dungeon)
 28445 | D:15     | Entered Level 15 of the Dungeon
 29178 | D:15     | Reached skill level 17 in Maces & Flails
 29350 | D:15     | Received a gift from Okawaru
 29786 | D:15     | Found a staircase to the Depths.
 29804 | Depths:1 | Entered Level 1 of the Depths
 30226 | Depths:1 | Reached skill level 18 in Maces & Flails
 30730 | Depths:1 | Found a gateway to a ziggurat.
 30733 | Depths:1 | Reached XP level 19. HP: 100/127 MP: 28/28
 31030 | Depths:1 | Received a gift from Okawaru
 31033 | Depths:1 | Got a brightly glowing buckler {god gift}
 31047 | Depths:1 | Identified the +1 buckler of Ywephom {Str+4 Dex+3} (Okawaru gifted it to you on level 1 of the Depths)
 31621 | Depths:1 | Paralysed by a vampire knight for 3 turns
 32229 | Depths:1 | Reached skill level 19 in Maces & Flails
 32639 | Depths:2 | Got a polished scale mail
 32650 | Depths:2 | Identified the cursed +1 scale mail of Gosche Wima {Int+3} (You found it on level 2 of the Depths)
 32783 | Depths:2 | Found a one-way gate to the infinite horrors of the Abyss.
 32980 | Depths:2 | Noticed an iron giant
 32983 | Depths:2 | an iron giant changed into an acid blob
 33552 | Depths:2 | Found a white marble altar of Elyvilon.
 33654 | Depths:2 | Noticed a caustic shrike
 33654 | Depths:2 | Noticed a caustic shrike
 33654 | Depths:2 | Noticed a caustic shrike
 33680 | Depths:2 | Killed a caustic shrike
 33681 | Depths:2 | Paralysed by a great orb of eyes for 5 turns
 33721 | Depths:2 | Received a gift from Okawaru
 33777 | Depths:2 | Killed a caustic shrike
 33802 | Depths:2 | Killed a caustic shrike
 33802 | Depths:2 | Reached XP level 20. HP: 132/132 MP: 25/29
 33805 | Depths:2 | Reached skill level 20 in Maces & Flails
 33904 | Depths:2 | Received a gift from Okawaru
 33908 | Depths:2 | Got a slimy broad axe {god gift}
 33996 | Depths:2 | Identified the +1 broad axe "Jucvec" {holy, rC+ MR++ Int-2} (Okawaru gifted it to you on level 2 of the Depths)
 34700 | Depths:3 | Reached skill level 15 in Shields
 34795 | Depths:3 | Found a one-way gate leading to the halls of Pandemonium.
 34995 | Depths:3 | Received a gift from Okawaru
 34998 | Depths:3 | Got a pair of spiked gloves {god gift}
 35009 | Depths:3 | Identified the +2 pair of gloves of the Castellan {MR+ Int+4 Slay+3} (Okawaru gifted it to you on level 3 of the Depths)
 36372 | Orc:2    | Bought an uncursed ring of resist corrosion for 280 gold pieces
 36553 | Slime:1  | Entered Level 1 of the Pits of Slime
 36703 | Shoals:1 | Entered Level 1 of the Shoals
 37288 | Shoals:1 | Identified a scroll of acquirement
 37295 | Shoals:1 | Got a shimmering ivory ring
 37297 | Shoals:1 | Identified the ring of Qaotim {rElec rC+ Str+2 Int-3 SInv} (You acquired it on level 1 of the Shoals)
 38011 | Shoals:2 | Noticed gyp21's ghost (adept MiFi)
 38028 | Shoals:2 | Killed gyp21's ghost
 38028 | Shoals:2 | Reached XP level 21. HP: 127/139 MP: 30/30
 38266 | Shoals:2 | Noticed Polyphemus
 38279 | Shoals:2 | Received a gift from Okawaru
 38303 | Shoals:2 | Killed Polyphemus
 38885 | Shoals:3 | Learned a level 2 spell: Swiftness
 39193 | Shoals:4 | Entered Level 4 of the Shoals
 39218 | Shoals:4 | Reached skill level 1 in Air Magic
 39242 | Shoals:4 | Reached skill level 1 in Charms
 39271 | Shoals:4 | Noticed Ilsuiw
 39297 | Shoals:4 | Killed Ilsuiw
 39312 | Shoals:4 | Received a gift from Okawaru
 39359 | Shoals:4 | Noticed SlightEye's ghost (adept FoFi)
 39386 | Shoals:4 | Killed SlightEye's ghost
 39943 | Shoals:4 | Received a gift from Okawaru
 39988 | Shoals:4 | Got a barnacled rune of Zot
 40731 | Vaults:1 | Entered Level 1 of the Vaults
 40903 | Vaults:1 | Reached skill level 5 in Charms
 41119 | Vaults:1 | Reached skill level 5 in Air Magic
 41432 | Vaults:1 | Reached XP level 22. HP: 145/145 MP: 25/31
 42526 | Vaults:2 | Received a gift from Okawaru
 42539 | Vaults:2 | Got a scorched demon whip {god gift}
 42540 | Vaults:2 | Identified the +11 demon whip "Orb Guardian's Doom" {flame, rElec} (Okawaru gifted it to you on level 2 of the Vaults)
 42807 | Vaults:2 | Got a smelly chain mail
 42823 | Vaults:2 | Identified the cursed +0 chain mail "Zixkips" {rElec Str+6} (You found it on level 2 of the Vaults)
 43719 | Vaults:3 | Found a staircase to the Crypt.
 44154 | Vaults:3 | Received a gift from Okawaru
 44478 | Vaults:3 | Noticed Mennas
 44541 | Vaults:3 | Killed Mennas
 45118 | Vaults:3 | Found Kudaid's Gadget Emporium.
 45352 | Vaults:4 | Reached skill level 15 in Armour
 45360 | Vaults:4 | Received a gift from Okawaru
 45379 | Vaults:4 | Found a ruined gateway.
 45386 | Desolati | Entered the Desolation of Salt
 45427 | Desolati | Noticed Peloso's ghost (adept DDFi)
 45436 | Desolati | Reached XP level 23. HP: 114/152 MP: 29/34
 45463 | Desolati | Killed Peloso's ghost
 45531 | Desolati | Got a glittering ruby amulet
 45958 | Desolati | Reached skill level 15 in Invocations
 46035 | Desolati | Received a gift from Okawaru
 46170 | Desolati | Identified the amulet "Koceeh" {RegenMP rElec rC- MP+9 Dex+2} (You took it off a servant of whispers in the Desolation of Salt)
 46205 | Desolati | Got a smoking emerald amulet
 46206 | Desolati | Identified the amulet "Lozuch" {Harm *Drain Dex+7} (You found it in the Desolation of Salt)
 46505 | Desolati | Identified the Volume of Calling
 46510 | Desolati | Learned a level 1 spell: Summon Butterflies
 46810 | Vaults:4 | Found Mesakk Meum's Distillery.
 47054 | Vaults:4 | Reached skill level 1 in Summonings
 48508 | Elf:1    | Entered Level 1 of the Elven Halls
 48674 | Elf:1    | Identified the Grimoire of the Hidden Vale
 48792 | Elf:1    | Received a gift from Okawaru
 49442 | Elf:2    | Found a frozen archway.
 49469 | IceCv    | Entered an ice cave
 50340 | Elf:2    | Found a huge runed gate.
 50342 | Elf:2    | Found a huge runed gate.
 50345 | Elf:2    | Found a huge runed gate.
 50370 | Elf:2    | Reached XP level 24. HP: 160/160 MP: 34/34
 50566 | Elf:2    | Reached skill level 5 in Summonings
 50574 | Elf:2    | Received a gift from Okawaru
 50762 | Elf:3    | Entered Level 3 of the Elven Halls
 50934 | Elf:3    | Killed from afar by a deep elf sorcerer

Skill      XL: |  1  2  3  4  5  6  7  8  9 10 11 12 13 14 15 16 17 18 19 20 21 22 23 24 |
---------------+-------------------------------------------------------------------------+-----
Axes           | 2 3 4 5 7 |  7.5
Fighting       | 4 5 7 9 10 11 14 16 17 18 19 | 19.4
Armour         | 4 5 7 8 11 12 13 14 15 16 | 16.9
Invocations    | 4 5 7 12 14 15 | 15.1
Maces & Flails | 2 5 8 10 11 14 16 18 19 20 | 20.6
Shields        | 5 7 10 12 14 15 16 17 18 | 18.4
Spellcasting   | 2 5 |  5.1
Translocations | 2 5 |  5.0
Dodging        | 1 5 7 |  7.0
Air Magic      | 5 |  5.0
Charms         | 5 8 |  8.0
Summonings     | 4 5 |  5.0

Action                   |  1- 3 |  4- 6 |  7- 9 | 10-12 | 13-15 | 16-18 | 19-21 | 22-24 || total
-------------------------+-------+-------+-------+-------+-------+-------+-------+-------++-------
Melee: War axe           |    96 |   221 |    83 |       |       |       |       |       ||   400
       Morningstar       |       |       |   356 |   844 |  1856 |  2423 |  2295 |   451 ||  8225
       Demon whip        |       |       |       |       |       |       |       |  1318 ||  1318
Throw: Tomahawk          |       |     3 |     3 |     9 |     3 |       |       |       ||    18
       Javelin           |       |       |       |     3 |    15 |    11 |     3 |     9 ||    41
 Cast: Blink             |       |       |       |       |       |     2 |       |       ||     2
       Swiftness         |       |       |       |       |       |       |       |     1 ||     1
Invok: Heroism           |       |       |     3 |    25 |    27 |    27 |    18 |     7 ||   107
       Finesse           |       |       |       |     1 |     2 |     7 |     6 |     2 ||    18
Evoke: Wand              |       |       |       |       |       |     2 |       |       ||     2
  Use: Scroll            |       |       |     2 |    26 |     9 |    13 |    12 |     8 ||    70
       Potion            |       |       |       |     1 |     6 |     2 |     2 |     3 ||    14
 Stab: Sleeping          |       |       |       |       |     1 |       |       |       ||     1
       Invisible         |       |       |       |       |       |    11 |       |       ||    11
       Petrified         |       |       |       |       |       |       |    11 |       ||    11
  Eat: Chunk             |     4 |    16 |     3 |    19 |    29 |    14 |    12 |    30 ||   127
       Fruit             |       |       |     1 |     2 |     5 |    10 |     8 |     2 ||    28
       Bread ration      |       |       |       |       |       |     3 |     4 |       ||     7
Armor: Scale mail        |    58 |   165 |    95 |       |   119 |       |       |       ||   437
       Chain mail        |       |       |   158 |   250 |       |       |       |       ||   408
       Plate armour      |       |       |       |   112 |   394 |   502 |       |       ||  1008
       Leather armour    |       |       |       |       |   224 |   229 |       |       ||   453
       Fire dragon scale |       |       |       |       |       |   204 |   968 |   340 ||  1512
       Crystal plate arm |       |       |       |       |       |       |       |   145 ||   145
Dodge: Dodged            |    48 |    81 |    91 |   165 |   585 |   767 |   850 |   302 ||  2889
Block: Shield            |    57 |   129 |   242 |   545 |  1328 |  1644 |    32 |       ||  3977
       Reflection        |       |       |     2 |     7 |    20 |   141 |    89 |    78 ||   337
       Buckler           |       |       |       |       |       |       |  1110 |   385 ||  1495
       Large shield      |       |       |       |       |       |       |       |  1041 ||  1041
